 Seeded DCSS version 0.29-a0-575-g0dc89cf053 (webtiles) character file.

Game seed: 8572682691686822440 (custom seed)

681 happo123 the Sneak (level 7, -3/40 HPs)
             Began as a Vampire Enchanter on June 12, 2022.
             Killed by divine providence
             ... invoked by an orc priest
              (13 damage)
             ... on level 5 of the Dungeon.
             The game lasted 00:09:25 (3152 turns).

happo123 the Sneak (Vampire Enchanter)              Turns: 3152, Time: 00:09:26

Health: -3/40      AC:  6    Str:  7    XL:     7   Next: 34%
Magic:  3/11       EV: 13    Int: 19    God:
Gold:   232        SH:  0    Dex: 15    Spells: 1/12 levels left

rFire   . . .      SeeInvis +   a - +1 dagger
rCold   + + .      Faith    .   f - orb {guile}
rNeg    + + +      Spirit   .   b - +0 robe
rPois   ∞          Reflect  .   o - +1 helmet
rElec   .          Harm     .   (no cloak)
rCorr   .          Rampage  .   w - +0 pair of gloves
Will    .....                   e - +0 pair of boots
Stlth   ++++......              i - amulet of regeneration
HPRegen 0.00/turn               (no ring)
MPRegen 0.12/turn               (no ring)

@: confused, bloodless, inhibited regen
A: bloodless, fangs 3, see invisible, vampiric 2
a: Bat Form, Revivify


You were on level 5 of the Dungeon.
You visited 1 branch of the dungeon, and saw 5 of its levels.

You collected 232 gold pieces.

Inventory:

Hand Weapons
 a - a +1 dagger (weapon)
Armour
 b - a +0 robe (worn)
 e - a +0 pair of boots (worn)
 f - an orb of guile (worn)
 o - a +1 helmet (worn)
 w - a +0 pair of gloves (worn)
Magical Staves
 x - a staff of fire
Jewellery
 i - an amulet of regeneration (around neck)
Wands
 q - a wand of polymorph (6)
Scrolls
 d - 4 scrolls of fear {unknown}
 g - a scroll of magic mapping {unknown}
 j - a scroll of blinking {unknown}
 k - 6 scrolls of teleportation {unknown}
 m - a scroll of summoning {unknown}
 t - a scroll of identify {unknown}
 u - a scroll of enchant weapon {unknown}
 v - a scroll of vulnerability {unknown}
 y - a scroll of noise {unknown}
Potions
 c - 2 potions of invisibility
 h - a potion of curing {unknown}
 l - a potion of heal wounds {unknown}
 n - a potion of resistance {unknown}
 p - 2 potions of ambrosia {unknown}
 r - a potion of flight {unknown}
 s - a potion of lignification {unknown}
 z - a potion of magic {unknown}


   Skills:
 + Level 2.3 Fighting
 + Level 3.0 Short Blades
 + Level 3.5 Dodging
 * Level 7.3 Stealth
 + Level 3.1 Spellcasting
 * Level 7.0 Hexes
 + Level 2.2 Ice Magic


You had one spell level left.
You knew the following spells:

 Your Spells              Type           Power      Damage    Failure   Level
a - Ensorcelled Hibernat  Hex/Ice        40%        N/A       3%          2
b - Confusing Touch       Hex            29%        N/A       2%          3
c - Tukima's Dance        Hex            29%        N/A       2%          3
d - Frozen Ramparts       Ice            22%        1d4       19%         3

Your spell library contained the following spells:

 Spells                   Type           Power      Damage    Failure   Level
 Freeze                   Ice            44%        1d6       6%          1
 Dazzling Flash           Conj/Hex       32%        N/A       11%         3
 Hailstorm                Conj/Ice       7%         3d4       67%         4


Dungeon Overview and Level Annotations

Branches:
Dungeon (5/15)
 Temple: D:4-7

Altars:


Innate Abilities, Weirdness & Mutations

You do not regenerate when monsters are visible.
You are frail without blood (-20% HP).
You can heal yourself when you bite living creatures.
You are immune to poison.
You have razor-sharp teeth.
You have supernaturally acute eyesight. (SInv)
You are afflicted with vampirism and can become a bat while bloodless.


Message History

An orc priest comes into view. It is wielding a +0 club.
An orc priest comes into view. It is wielding a +0 short sword.
The orc moves out of view.
An orc wizard comes into view. It is wielding a +0 dagger.
You see here a scroll labelled FUFEGO BAIRANAKH.
Aiming: Ensorcelled Hibernation (safe; 3% risk of failure)
Press: ? - help, Q - select action, (/) - cycle Shift-Dir - straight line, f - orc priest
Aim: an orc priest, wielding a +0 short sword (wandering, hasn't noticed you, chance to affect: 70%)
The orc priest looks drowsy...
The orc wizard shouts!
The orc priest shouts!
The orc priest invokes the aid of Beogh against you.
Beogh smites you!
The orc wizard points at you and mumbles some strange words.
You are confused.
You bump into the rock wall.
The orc wizard gestures at you while chanting.
The puff of flame hits you!
The orc shouts!
You hit the orc priest.
The orc priest is lightly wounded.
The orc priest closely misses you.
You're too confused to cast spells.
Unknown command.
You're too confused to cast spells.
You bump into the rock wall.
The orc priest looks encouraged for a moment.
The orc priest calls down the wrath of Beogh upon you.
Beogh smites you!
* * * LOW HITPOINT WARNING * * *
Okay, then.
The orc priest attacks as you move away!
The orc priest completely misses you.
The orc priest looks satisfied for a moment.
You barely miss the orc priest. You bite the orc priest.
You draw the orc priest's blood!
You feel better.
The orc priest is lightly wounded.
The orc priest mumbles some strange prayers to Beogh against you.
Beogh smites you!
You die...

...).#
.....############
..).).#.........#
......#.#######.#
#.......# #.#
###.#.### #.#
#.#.# #####.##
....# ##......#
##+### #...##o@#
#.#....o#
#...###.# ##. #o#
# .o# ... ...#
##.# #.#


You could see 2 orc priests, an orc wizard and an orc.

Vanquished Creatures
  Grinder (D:3)
  Menkaure (D:4)
  A phantom (D:4)
  A scorpion (D:4)
  A hound (D:4)
  Jessica (D:3)
  An iguana (D:4)
  An orc wizard (D:5)
  6 adders
  An ufetubus (D:4)
  2 worms (D:3)
  4 dart slugs
  3 orcs
  8 ball pythons
  5 endoplasms
  A giant cockroach (D:2)
  3 goblins
  5 hobgoblins
  2 quokkas
  7 bats
  5 frilled lizards
  9 kobolds
  8 rats
77 creatures vanquished.

Notes
Turn   | Place    | Note
-------+----------+-------------------------------------------
     0 | D:1      | happo123 the Vampire Enchanter began the quest for the Orb.
     0 | D:1      | Reached XP level 1. HP: 13/13 MP: 3/3
    50 | D:1      | Found a faded altar of an unknown god.
   215 | D:1      | Reached XP level 2. HP: 11/19 MP: 5/5
   218 | D:1      | Learned a level 2 spell: Ensorcelled Hibernation
   993 | D:2      | Gained mutation: You are afflicted with vampirism and can
                  | become a bat while bloodless. [Vampire growth]
   993 | D:2      | Reached XP level 3. HP: 14/20 MP: 2/6
  1001 | D:2      | Reached skill level 5 in Stealth
  1001 | D:2      | Reached skill level 5 in Hexes
  1021 | D:2      | Learned a level 3 spell: Confusing Touch
  1467 | D:2      | You fall into a shaft and drop 1 floor!
  1560 | D:3      | Reached XP level 4. HP: 24/24 MP: 7/7
  1586 | D:3      | Reached skill level 1 in Fighting
  1966 | D:3      | Noticed Jessica
  1983 | D:3      | Killed Jessica
  1984 | D:3      | Reached skill level 1 in Ice Magic
  2339 | D:3      | Noticed Grinder
  2345 | D:3      | Reached XP level 5. HP: 29/29 MP: 5/8
  2357 | D:3      | Killed Grinder
  2358 | D:3      | Reached XP level 6. HP: 20/35 MP: 3/10
  2362 | D:3      | Learned a level 3 spell: Tukima's Dance
  2683 | D:4      | Noticed Menkaure
  2703 | D:4      | Killed Menkaure
  2798 | D:4      | Learned a level 3 spell: Frozen Ramparts
  2949 | D:4      | Reached XP level 7. HP: 40/40 MP: 11/11
  3110 | D:5      | Entered Level 5 of the Dungeon
  3152 | D:5      | Killed from afar by an orc priest

Illustrated notes

Levels and vault maps discovered:
D:1:      ncdulo_lavacross, layout_basic, serial_rivers,
          chequers_serial_rivers_marsh, chequers_serial_rivers_micro_c,
          chequers_serial_rivers_large_a, chequers_serial_rivers_small_a,
          chequers_serial_rivers_micro_e, chequers_serial_rivers_room_b,
          ebering_ecumenical_altar_box, serial_bayou_ford_a
D:2:      layout_loops_ring, minmay_surrounded
D:3:      layout_loops_ring, item_on_display_b, uniq_jessica, uniq_grinder
D:4:      layout_rooms, uniq_menkaure
D:5:      layout_loops_corners, minmay_temple_entry_large_hall, minivault_27,
          chequers_decorated_corner

Skill      XL: |  1  2  3  4  5  6  7 |
---------------+----------------------+-----
Stealth        | 5 6 7 |  7.3
Hexes          | 5 6 7 |  7.0
Fighting       | 1 2 |  2.3
Short Blades   | 2 3 |  3.0
Ice Magic      | 1 2 |  2.2
Dodging        | 3 |  3.5
Spellcasting   | 3 |  3.1

Action                   |  1- 3 |  4- 6 |  7- 9 || total
-------------------------+-------+-------+-------++-------
Melee: Dagger            |    87 |    57 |    15 ||   159
       Bite              |     4 |     6 |     2 ||    12
 Cast: Ensorcelled Hiber |    11 |    16 |     6 ||    33
       Confusing Touch   |       |     2 |     1 ||     3
 Abil: Exsanguinate      |     1 |       |       ||     1
 Stab: Sleeping          |    25 |    23 |     4 ||    52
       Confused          |       |     3 |     1 ||     4
Armor: Robe              |    19 |    11 |     4 ||    34
Dodge: Dodged            |    40 |    26 |    12 ||    78

Table legend: (Time is in decaauts)
 A = Elapsed time spent in this place.
 B = Non-inter-level travel time spent in this place.
 C = Inter-level travel time spent in this place.
 D = Time resting spent in this place.
 E = Time spent auto-exploring this place.
 F = Levels seen in this place.
 G = Mean time per level.
                   A        B        C        D        E       F      G
               +--------+--------+--------+--------+--------+-----+--------+
         Total |   3172 |   3039 |    133 |      0 |   2405 |   5 |  634.4 |
       Dungeon |   3172 |   3039 |    133 |      0 |   2405 |   5 |  634.4 |
               +--------+--------+--------+--------+--------+-----+--------+

Top non-repeatable levels by time:
     D:1: 902 daAuts
     D:3: 887 daAuts
     D:2: 821 daAuts
     D:4: 521 daAuts
     D:5: 41 daAuts
